 Dungeon Crawl Stone Soup version 0.23.1 (webtiles) character file.

Game seed: 15113553003750250489

763 kae the Cleaver (level 7, -1/63 HPs)
             Began as a Hill Orc Fighter on Mar 17, 2019.
             Slain by a killer bee (2 damage)
             ... on level 8 of the Dungeon.
             The game lasted 00:03:18 (3771 turns).

kae the Cleaver (Hill Orc Fighter)                  Turns: 3771, Time: 00:03:20

Health: -1/63      AC:  8    Str: 21    XL:     7   Next: 81%
Magic:  7/7        EV:  7    Int:  8    God:
Gold:   169        SH: 13    Dex: 10    Spells: 6/6 levels left

rFire    . . .     SeeInvis .   a - +0 war axe
rCold    . . .     Gourm    .   c - +0 shield
rNeg     + . .     Faith    .   b - +0 scale mail
rPois    .         Spirit   .   (no helmet)
rElec    .         Reflect  +   (no cloak)
rCorr    .         Harm     .   (no gloves)
MR       .....                  s - +0 pair of boots
Stlth    ..........             d - +4 amulet of reflection
HPRegen  0.20/turn              p - ring of positive energy
MPRegen  0.10/turn              (no ring)

@: lethally poisoned (-1 -> -3), hasted, very quick
A: no striking features
a: no special abilities


You were on level 8 of the Dungeon.
You were not hungry.

You visited 1 branch of the dungeon, and saw 6 of its levels.

You collected 169 gold pieces.

Inventory:

Hand Weapons
 a - a +0 war axe (weapon)
Armour
 b - a +0 scale mail (worn)
 c - a +0 shield (worn)
 s - a +0 pair of boots (worn)
Jewellery
 d - a +4 amulet of reflection (around neck)
 e - an uncursed ring of flight {unknown}
 p - a ring of positive energy (left hand)
Wands
 l - a wand of flame (5)
Scrolls
 g - 2 scrolls of teleportation
 m - 2 scrolls of remove curse
Potions
 h - a potion of resistance
 i - a potion of brilliance
 j - a potion of cancellation
 k - a potion of magic
Comestibles
 f - 8 rations


   Skills:
 + Level 6.2 Fighting
 * Level 8.2 Axes
 + Level 5.6 Armour
 - Level 3.2 Shields


You had 6 spell levels left.
You didn't know any spells.
Your spell library was empty.

Dungeon Overview and Level Annotations

Branches:
Dungeon (5/15)
 Temple: D:4-7

Altars:


Message History

The killer bee is heavily wounded.
You hit the killer bee but do no damage.
You block the killer bee's attack. The killer bee closely misses you.
The killer bee stings you but does no damage.
The killer bee barely misses you.
You hit the killer bee.
The killer bee is almost dead.
You miss the killer bee. The killer bee barely misses you.
The phantom blinks!
The killer bee stings you but does no damage.
An orc wizard comes into view. It is wielding a +0 dagger of venom.
You block the killer bee's attack.
Okay, then.
You closely miss the killer bee.
The killer bee is heavily wounded.
You miss the killer bee.
The orc wizard shouts!
You hear a shout!
You block the killer bee's attack. The killer bee stings you.
* * * LOW HITPOINT WARNING * * *
The killer bee stings you.
You die...

.... ....
....# ...#
.§.#####
#.....#
#.....#
#.†(..####
##@y%....#
#.y....##
#.....##
#....##
#o...#
##...#
..### ##


You could see 2 killer bees and an orc wizard.

Vanquished Creatures
  2 ice beasts (D:5)
  Blork the orc (D:5)
  A scorpion (D:4)
  A killer bee (D:8)
  2 howler monkeys (D:4)
  A hound (D:4)
  2 orc priests (D:4)
  An orc wizard (D:3)
  A worker ant (D:4)
  A howler monkey zombie (D:4)
  12 adders
  An ooze (D:5)
  4 worms
  5 dart slugs
  2 leopard geckos
  5 orcs
  A ball python (D:3)
  7 giant cockroaches
  8 goblins
  A hobgoblin (D:1)
  10 jackals
  2 kobolds (D:1)
  9 bats
  3 frilled lizards
  9 rats
92 creatures vanquished.

Notes
Turn   | Place    | Note
-------+----------+-------------------------------------------
     0 | D:1      | kae the Hill Orc Fighter began the quest for the Orb.
     0 | D:1      | Reached XP level 1. HP: 19/19 MP: 1/1
   204 | D:1      | Reached skill level 3 in Axes
   278 | D:1      | Reached XP level 2. HP: 25/27 MP: 2/2
   571 | D:1      | Reached XP level 3. HP: 33/33 MP: 3/3
  1150 | D:2      | Reached skill level 4 in Axes
  1347 | D:2      | Reached XP level 4. HP: 36/40 MP: 4/4
  1758 | D:2      | Reached skill level 5 in Axes
  2010 | D:3      | Reached XP level 5. HP: 47/47 MP: 5/5
  2899 | D:4      | Reached skill level 5 in Fighting
  2899 | D:4      | Reached skill level 6 in Axes
  2899 | D:4      | Reached XP level 6. HP: 34/56 MP: 6/6
  3248 | D:4      | Reached skill level 7 in Axes
  3248 | D:4      | Reached skill level 5 in Armour
  3248 | D:4      | Reached XP level 7. HP: 60/61 MP: 7/7
  3545 | D:5      | Entered Level 5 of the Dungeon
  3568 | D:5      | Noticed Blork the orc
  3585 | D:5      | Killed Blork the orc
  3601 | D:5      | Reached skill level 8 in Axes
  3754 | D:5      | You fall through a shaft for 3 floors!
  3764 | D:8      | HP: 2/63 [killer bee (8)]
  3771 | D:8      | HP: 1/63 [killer bee (2)]
  3771 | D:8      | Slain by a killer bee

Skill      XL: |  1  2  3  4  5  6  7 |
---------------+----------------------+-----
Axes           | 3 4 5 6 7 8 |  8.2
Fighting       | 4 5 6 |  6.2
Armour         | 4 5 |  5.6
Shields        | |  3.2

Action                   |  1- 3 |  4- 6 |  7- 9 || total
-------------------------+-------+-------+-------++-------
Melee: War axe           |    95 |   182 |    45 ||   322
Evoke: Wand              |       |       |     1 ||     1
  Use: Scroll            |       |     9 |     2 ||    11
       Potion            |       |     2 |     4 ||     6
  Eat: Chunk             |     2 |     6 |     2 ||    10
Armor: Scale mail        |    38 |    99 |    32 ||   169
Dodge: Dodged            |    23 |    93 |    20 ||   136
Block: Shield            |    48 |   104 |    44 ||   196
       Reflection        |       |       |     1 ||     1
